 Dungeon Crawl Stone Soup version 0.31-a0-496-g6f97920a28 (webtiles) character file.

Game seed: 14481211360574609955

60 BigDaddyOpFi the Ruffian (level 3, -5/46 HPs)
             Began as an Armataur Shapeshifter on Aug 8, 2023.
             Slain by Crazy Yiuf
             ... wielding a +2 quarterstaff of chaos
              (18 damage)
             ... on level 2 of the Dungeon.
             The game lasted 00:03:23 (1361 turns).

BigDaddyOpFi the Ruffian (Armataur Shapeshifter)    Turns: 1361, Time: 00:03:24

Health: -5/46      AC: 21    Str: 22    XL:     3   Next: 82%
Magic:  1/3        EV:  1    Int:  8    God:
Gold:   88         SH:  0    Dex: 10    Spells: 2/2 levels left

rFire   + . .        g - +0 hand axe
rCold   . . .        (no shield)
rNeg    . . .        a - melded +0 animal skin
rPois   +            (helmet currently unavailable)
rElec   .            (cloak currently unavailable)
rCorr   .            (gloves currently unavailable)
SInv    .            (no barding)
Will    .....        j - amulet of regeneration
Stlth   +            p - ring of flight
HPRegen 1.07/turn    q - ring of protection from fire
MPRegen 0.08/turn

%: roll
@: tree-form
A: stationary, stasis, torment immunity, boosted hp, large, rugged brown scales
3, (deformed body), (armoured tail), roll, long tongue, awkward tongue
a: no special abilities


You were on level 2 of the Dungeon.
You were a tree.
You visited 1 branch of the dungeon, and saw 2 of its levels.

You collected 88 gold pieces.

Inventory:

Hand Weapons
 g - a +0 hand axe (weapon)
Armour
 a - a +0 animal skin (melded)
Jewellery
 j - an amulet of regeneration (around neck)
 p - a ring of flight (left branch)
 q - a ring of protection from fire (right branch)
 r - an amulet of reflection
Talismans
 c - a beast talisman
 d - a flux talisman
Scrolls
 f - a scroll of noise {unknown}
 h - a scroll of poison {unknown}
 i - a scroll of blinking {unknown}
 k - 2 scrolls of identify {unknown}
 n - a scroll of teleportation {unknown}
 o - a scroll of fog {unknown}
Potions
 b - a potion of lignification
 e - a potion of enlightenment {unknown}
 l - a potion of attraction {unknown}
 m - 2 potions of cancellation {unknown}


   Skills:
 + Level 1.8 Fighting
 + Level 2.0 Dodging
 + Level 3.1 Unarmed Combat
 + Level 3.0 Shapeshifting


You had 2 spell levels left.
You didn't know any spells.
Your spell library was empty.

Dungeon Overview and Level Annotations

Branches:
Dungeon (2/15)

Altars:

Shops:
D:1 :   D:2 (*[(

Annotations:
D:2 Crazy Yiuf


Innate Abilities, Weirdness & Mutations

You are a tree.
Your roots penetrate the ground, keeping you stationary.
You cannot be teleported.
You are immune to unholy pain and torment.
Your maximum health is greatly increased.
Your equipment is partially melded.
(You are completely covered in rugged brown scales. (AC +3, +7% HP))
((Armour fits poorly on your strangely shaped body.))
((You have a long armoured tail.))
You roll when moving toward enemies. (Rampage)
Your long tongue fully drains potion bottles. (2x potion effects)
Your tongue gives you trouble enunciating. (1.5x scroll delay)


Message History

You slurp down every last drop of the potion of lignification!
You open the door. You barely miss Crazy Yiuf.
Crazy Yiuf hits you with a +2 quarterstaff of chaos.
You feel your power leaking away.
You closely miss Crazy Yiuf. Crazy Yiuf hits you but does no damage.
Crazy Yiuf hits you with a +2 quarterstaff of chaos.
You hit Crazy Yiuf.
Crazy Yiuf is moderately wounded.
Crazy Yiuf hits you with a +2 quarterstaff of chaos!
You hit Crazy Yiuf.
Crazy Yiuf is heavily wounded.
Crazy Yiuf completely misses you.
You closely miss Crazy Yiuf.
Crazy Yiuf is heavily wounded.
Crazy Yiuf says, "Gum action pizzabubble!"
Crazy Yiuf hits you but does no damage.
You are confused.
Crazy Yiuf hits you but does no damage.
You cannot move. (Use ctrl+direction or * direction to attack while stationary and confused.)
You cannot move. (Use ctrl+direction or * direction to attack while stationary and confused.)
You cannot move. (Use ctrl+direction or * direction to attack while stationary and confused.)
You cannot move. (Use ctrl+direction or * direction to attack while stationary and confused.)
You hit Crazy Yiuf but do no damage.
Crazy Yiuf is heavily wounded.
Crazy Yiuf hits you but does no damage.
You barely miss Crazy Yiuf.
Crazy Yiuf is heavily wounded.
Crazy Yiuf hits you but does no damage.
You attack the tree.
Crazy Yiuf hits you but does no damage.
You attack the tree.
You feel less confused. Crazy Yiuf hits you but does no damage.
Space warps around you. Crazy Yiuf barely misses you.
You barely miss Crazy Yiuf.
Crazy Yiuf is heavily wounded.
Crazy Yiuf hits you with a +2 quarterstaff of chaos!
* * * LOW HITPOINT WARNING * * *
You are electrocuted!!
You die...

########## ### ♣♣#### .........#
#)..#♣♣ ♣♣.#..## .#######.#
#...g♣♣♣♣♣......# .# #.#
#...#♣..♣.......# .# #.# ###
♣♣♣.♣..#...# .# #.# ♣♣♣♣♣##.##
### #.# #.# .># #.# #####.#
#.######.###### #.....###
#........##...#######.......#####
#...................'.......'....


You could see Crazy Yiuf.

Vanquished Creatures
  An adder (D:2)
  3 worms (D:2)
  6 endoplasms
  4 giant cockroaches
  4 goblins
  2 hobgoblins
  2 jackals (D:1)
  2 quokkas
  2 ball pythons (D:1)
  3 bats
  3 frilled lizards (D:2)
  4 kobolds
  4 rats (D:1)
40 creatures vanquished.

Notes
Turn   | Place    | Note
-------+----------+-------------------------------------------
     0 | D:1      | BigDaddyOpFi the Armataur Shapeshifter began the quest for
                  | the Orb.
     0 | D:1      | Reached XP level 1. HP: 16/16 MP: 1/1
    28 | D:1      | Found a faded altar of an unknown god.
   107 | D:1      | Reached skill level 1 in Fighting
   185 | D:1      | Found Kiggusy's Book Shoppe.
   205 | D:1      | Reached XP level 2. HP: 15/24 MP: 2/2
   665 | D:2      | Found Gicouteb's Book Boutique.
   667 | D:2      | Found Quownaal's Armour Shop.
   678 | D:2      | Reached XP level 3. HP: 12/29 MP: 3/3
   727 | D:2      | Found Catesyne's Antique Weapon Shoppe.
   920 | D:2      | Found Atwafe's General Store.
   990 | D:2      | Found Jytecarch's Weapon Emporium.
  1154 | D:2      | Found a runed translucent door.
  1155 | D:2      | Noticed Crazy Yiuf
  1361 | D:2      | Slain by Crazy Yiuf

Illustrated notes

Levels and vault maps discovered:
D:1:      mainiacjoe_arrival_reflecting_pool, layout_loops_ring, serial_shops,
          nicolae_book_shop_shelving, basic_ecumenical_altar,
          kennysheep_decorative_pillar
D:2:      layout_basic, serial_shops,
          nicolae_shop_temple_entry_statues_fountains,
          nicolae_shop_advertising_works [nicolae_subvault_shop_adworks], shop,
          nicolae_shop_tiny_statue_garden, nicolae_shop_overgrown_old_shop,
          uniq_crazy_yiuf_cottage

Skill      XL: |  1  2  3 |
---------------+----------+-----
Fighting       | 1 |  1.8
Unarmed Combat | 3 |  3.1
Shapeshifting  | 3 |  3.0
Dodging        | 2 |  2.0

Action                     || total
---------------------------++-------
  Melee: Unarmed           ||   135
         Tailslap          ||    13
         Hand axe          ||     8
    Use: Potion            ||     1
 Armour: Animal skin       ||    38
         Skin              ||     7
  Dodge: Dodged            ||    63
   Form: Flux              ||     1

Table legend: (Time is in decaauts)
 A = Elapsed time spent in this place.
 B = Non-inter-level travel time spent in this place.
 C = Inter-level travel time spent in this place.
 D = Time resting spent in this place.
 E = Time spent auto-exploring this place.
 F = Levels seen in this place.
 G = Mean time per level.
                   A        B        C        D        E       F      G
               +--------+--------+--------+--------+--------+-----+--------+
         Total |   1354 |   1347 |      7 |      0 |   1064 |   2 |  677.0 |
       Dungeon |   1354 |   1347 |      7 |      0 |   1064 |   2 |  677.0 |
               +--------+--------+--------+--------+--------+-----+--------+

Top non-repeatable levels by time:
     D:2: 693 daAuts
     D:1: 660 daAuts
